 Dungeon Crawl Stone Soup version 0.28.0-53-g5a82cb258f (webtiles) character file.

Game seed: 5893167427419462169

84 ILmort the Magician (level 4, -1/31 HPs)
             Began as a Djinni Fire Elementalist on Aug 14, 2022.
             Slain by an orc priest
             ... wielding a +0 trident
              (3 damage)
             ... on level 3 of the Dungeon.
             The game lasted 00:10:04 (2294 turns).

ILmort the Magician (Djinni Fire Elementalist)      Turns: 2294, Time: 00:10:05

Health: -1/31      AC:  2    Str:  7    XL:     4   Next: 74%
Gold:   71         EV: 16    Int: 18    God:
                   SH:  0    Dex: 14

rFire   + + .      SeeInvis .   h - +1 whip (venom)
rCold   x . .      Faith    .   (no shield)
rNeg    . . .      Spirit   .   a - +0 robe
rPois   ∞          Reflect  .   (no helmet)
rElec   .          Harm     .   (no cloak)
rCorr   .          Rampage  .   (no gloves)
Will    .....                   (boots unavailable)
Stlth   ++........              (no amulet)
HPRegen 0.10/turn               d - +4 ring of evasion
MPRegen 0.00/turn               (no ring)

@: flying
A: sickness immunity, fire resistance 2, cold vulnerability 1, float, innate
caster, HP casting, extra vitality 1
a: no special abilities


You were on level 3 of the Dungeon.
You visited 1 branch of the dungeon, and saw 3 of its levels.

You collected 71 gold pieces.

Inventory:

Hand Weapons
 h - a +1 whip of venom (weapon)
Missiles
 c - 55 stones
Armour
 a - a +0 robe (worn)
Jewellery
 d - a +4 ring of evasion (left hand)
 f - a ring of ice
Scrolls
 b - a scroll of enchant armour {unknown}
 e - 2 scrolls of noise {unknown}
 g - a scroll of fog {unknown}


   Skills:
 + Level 0.3 Fighting
 - Level 2.1 Dodging
 - Level 1.5 Stealth
 - Level 4.0 Spellcasting


You couldn't memorise any spells.
You knew the following spells:

 Your Spells              Type           Power      Damage    Failure   Level
a - Foxfire               Conj/Fire      72%        2x1d7     2%          1
b - Scorch                Fire           36%        2d6       4%          2
c - Conjure Flame         Conj/Fire      18%        6-21      9%          3
d - Inner Flame           Hex/Fire       18%        N/A       9%          3
e - Flame Wave            Conj/Fire      18%        2d6       28%         4
f - Apportation           Tloc           36%        N/A       2%          1
Your spell library was empty.

Dungeon Overview and Level Annotations

Branches:
Dungeon (3/15)

Altars:
Wu Jian

Shops:
D:1 ((*=[   D:2 =


Innate Abilities, Weirdness & Mutations

You are immune to sickness and miasma.
You are immune to poison.
Your flesh is very heat resistant. (rF++)
You are vulnerable to cold. (rC-)
You float through the air rather than walking.
You learn spells naturally, not from books.
Your magical power is your life essence.
You have superior vitality. (+4 MHP)


Message History

The orc priest miscasts a cantrip.
An orc priest comes into view. It is wielding a +0 trident.
The orc priest shouts!
The orc shouts!
Casting: Foxfire (safe; 3% risk of failure)
You conjure some foxfire!
The foxfire hits the orc priest.
You kill the orc priest!
Training target 4.0 for Spellcasting reached!
Your Spellcasting skill increases to level 4!
You need to enable at least one skill for training.
The foxfire hits the orc priest.
Casting: Foxfire (safe; 2% risk of failure)
You conjure some foxfire!
The foxfire hits the orc.
The foxfire hits the orc but does no damage.
A kobold comes into view. It is wielding a +0 short sword.
Casting: Foxfire (safe; 2% risk of failure)
You conjure some foxfire!
The kobold shouts!
The orc priest begins to cast a cantrip, but forgets the words!
The orc completely misses you.
The foxfire hits the orc.
Casting: Foxfire (safe; 2% risk of failure)
You conjure some foxfire!
The orc priest closely misses you.
A frilled lizard comes into view.
The foxfire hits the kobold.
You kill the kobold!
Casting: Foxfire (safe; 2% risk of failure)
You conjure some foxfire!
The orc misses you.
The orc priest hits you from afar with a +0 trident!
The foxfire hits the orc.
The orc misses you.
The orc priest calls down the wrath of Beogh upon you.
Beogh smites you!
* * * LOW HITPOINT WARNING * * *
Casting: Foxfire (safe; 2% risk of failure)
You conjure some foxfire!
* * * LOW HITPOINT WARNING * * *
The orc barely misses you.
The orc priest hits you from afar with a +0 trident.
You die...

....#...≈≈.≈≈.).#.#
.#..#...≈.≈.≈...#.#
#..#..≈.≈.≈.≈..#.#
#.#.#.#.#≈.≈...≈.≈#.###
.....l.>..≈.....≈......
####..#.#l#.....#.#####
.o.| #.)..#####.## ####
#.#).oov...#
#.#####@##.#
#..†...v.#.#
##########.# #.# #.#
#.# ..


You could see an orc priest, an orc (ally target) and a frilled lizard.

Vanquished Creatures
  An orc priest (D:3)
  A gnoll (D:1)
  An adder (D:3)
  A worm (D:2)
  A dart slug (D:1)
  5 endoplasms
  6 goblins
  4 hobgoblins
  6 kobolds
  A quokka (D:3)
  A ball python (D:1)
  3 bats
  2 rats
33 creatures vanquished.

Vanquished Creatures (others)
  73 foxfires
73 creatures vanquished.

Grand Total: 106 creatures vanquished

Notes
Turn   | Place    | Note
-------+----------+-------------------------------------------
     0 | D:1      | ILmort the Djinni Fire Elementalist began the quest for the
                  | Orb.
     0 | D:1      | Reached XP level 1. HP: 15/15 MP: 0/0
   108 | D:1      | Found Boaxyga's Jewellery Emporium.
   206 | D:1      | Found Cedaf's Antique Weapon Boutique.
   237 | D:1      | Found Gisch's Antique Weapon Shop.
   260 | D:1      | Found Huxomofi's Assorted Antiques.
   286 | D:1      | Reached XP level 2. HP: 19/21 MP: 0/0
   438 | D:1      | You are sucked into a shaft and drop 1 floor!
   446 | D:2      | Reached skill level 3 in Spellcasting
   622 | D:2      | Found an ornate altar of the Wu Jian Council.
   977 | D:1      | Found Upeulag's Armour Emporium.
  1138 | D:1      | Reached XP level 3. HP: 24/25 MP: 0/0
  1138 | D:1      | Learned a level 1 spell: Apportation
  1843 | D:2      | Found Dabbanudu's Jewellery Shoppe.
  2027 | D:3      | Found a faded altar of an unknown god.
  2174 | D:3      | Reached XP level 4. HP: 21/31 MP: 0/0
  2284 | D:3      | Reached skill level 4 in Spellcasting
  2294 | D:3      | Slain by an orc priest

Illustrated notes

Levels and vault maps discovered:
D:1:      nicolae_arrival_somewhat_less_tricky_arrival, layout_basic,
          serial_shops, nicolae_square_shop, shop, nicolae_shop_statue_plus,
          nicolae_shop_crystal, nicolae_diamond_shop
D:2:      layout_basic, serial_shops, shop, basic_altar
D:3:      layout_basic, shapermc_ecumenical_altar_starsandcircs, uniq_ijyb

Skill      XL: |  1  2  3  4 |
---------------+-------------+-----
Spellcasting   | 3 4 |  4.0
Fighting       | |  0.3
Dodging        | |  2.1
Stealth        | |  1.5

Action                   |  1- 3 |  4- 6 || total
-------------------------+-------+-------++-------
Melee: Dagger            |    18 |       ||    18
       Punch             |     1 |       ||     1
       Whip              |    13 |       ||    13
 Cast: Foxfire           |    42 |    10 ||    52
 Stab: Sleeping          |     2 |       ||     2
Armor: Robe              |     7 |       ||     7
Dodge: Dodged            |    30 |     5 ||    35
